 Dungeon Crawl Stone Soup version 0.31-a0-986-g5e6e4ef867 (webtiles) character file.

Game seed: 17505736530269908091

252 Xavori the Trooper (level 6, -3/37 HPs)
             Began as a Djinni Chaos Knight on Nov 9, 2023.
             Was a Plaything of Xom.
             Slain by a gnoll
             ... wielding a +0 flail
              (10 damage)
             ... on level 4 of the Dungeon.
             The game lasted 00:04:04 (6951 turns).

Xavori the Trooper (Djinni Chaos Knight)            Turns: 6951, Time: 00:04:05

Health: -3/37      AC:  8    Str: 11    XL:     6   Next: 36%
Gold:   128        EV: 13    Int: 19    God:    Xom [.*....] SH:  0 Dex: 15

rFire   + + .        n - +0 long sword
rCold   x . .        (no shield)
rNeg    . . .        b - +2 leather armour
rPois   ∞            (helmet restricted)
rElec   +            (no cloak)
rCorr   .            j - +0 pair of gloves
SInv    .            (boots unavailable)
Will    ++...        (no amulet)
Stlth   +            p - ring of willpower
HPRegen 0.26/turn    q - +6 ring of intelligence
MPRegen 0.00/turn

%: infuse magic (-4 HP)
@: flying
A: sickness immunity, fire resistance 2, cold vulnerability 1, float, innate
caster, HP casting, extra vitality 1, antennae 1, iridescent scales 1, frail 2,
strong-willed 1, mutation resistance 1, sense surroundings 1, electricity
resistance, subdued magic 1, sturdy frame 1
a: Renounce Religion


You were on level 4 of the Dungeon.
You worshipped Xom.
You were a plaything of Xom.
You visited 1 branch of the dungeon, and saw 4 of its levels.

You collected 317 gold pieces.
You spent 189 gold pieces at shops.

Inventory:

Hand Weapons
 a - a +0 falchion of chaos
 n - a +0 long sword (weapon)
Armour
 b - a +2 leather armour (worn)
 j - a +0 pair of gloves (worn)
Jewellery
 p - a ring of willpower (left hand)
 q - a +6 ring of intelligence (right hand)
Scrolls
 c - a scroll of butterflies
 e - a scroll of teleportation
 f - 2 scrolls of fear
 g - a scroll of immolation
 k - a scroll of revelation
 m - 2 scrolls of fog {unknown}
 r - a scroll of torment {unknown}
 t - a scroll of identify
Potions
 d - a potion of haste {unknown}
 h - a potion of enlightenment
 i - a potion of attraction {unknown}
 l - a potion of resistance
 o - a potion of cancellation {unknown}
 s - a potion of heal wounds {unknown}


   Skills:
 + Level 3.8 Fighting
 + Level 3.5 Long Blades
 + Level 2.5 Armour
 + Level 3.4 Dodging
 * Level 2.0 Spellcasting
 * Level 2.0 Conjurations
 * Level 2.0 Hexes
   Level 0.0 Charms
 * Level 2.0 Summonings
 * Level 2.0 Necromancy
 * Level 2.0 Translocations
 * Level 2.0 Transmutations
 * Level 2.0 Fire Magic
 * Level 2.0 Ice Magic
 * Level 2.0 Air Magic
 * Level 2.0 Earth Magic
 * Level 2.0 Poison Magic


You knew the following spells:

 Your Spells              Type           Power      Damage    Failure   Level
a - Apportation           Tloc           14%        N/A       6%          1
b - Wereblood             Tmut           7%         N/A       10%         2
Your spell library was empty.

Dungeon Overview and Level Annotations

Branches:
Dungeon (4/15)             Temple (0/1) D:4

Altars:
Cheibriados
Fedhas

Shops:
D:1 *?


Innate Abilities, Weirdness & Mutations

You are immune to sickness and miasma.
You are immune to poison.
Your flesh is very heat resistant. (rF++)
You are vulnerable to cold. (rC-)
You float through the air rather than walking.
You learn spells naturally, not from books.
Your magical power is your life essence.
You have superior vitality. (+4 MHP)
You have a pair of small antennae on your head.
You are partially covered in iridescent scales. (AC +2)
You are very frail. (-20% HP)
You are strong-willed. (Will+)
You are somewhat resistant to further mutation.
You passively map a small area around you.
You are resistant to electric shocks. (rElec)
Your spells are a little easier to cast, but a little less powerful.
Your movements are slightly less encumbered by armour. (ER -2)


Message History

Your primal bloodlust has ended.
The gnoll closely misses you. The gnoll hits you with a +0 flail.
You hit the gnoll.
The gnoll is heavily wounded.
The gnoll hits you with a +0 flail. x2
You hit the gnoll.
The gnoll is heavily wounded.
The gnoll misses you. The gnoll closely misses you.
You hit the gnoll.
The gnoll is almost dead.
The gnoll misses you. The gnoll closely misses you. x3
You closely miss the gnoll.
The gnoll is almost dead.
The gnoll hits you with a +0 flail. The gnoll closely misses you.
You closely miss the gnoll.
The gnoll is almost dead.
The gnoll barely misses you. x2
You barely miss the gnoll.
The gnoll is almost dead.
The gnoll hits you with a +0 flail!
* * * LOW HITPOINT WARNING * * *
The gnoll barely misses you.
You barely miss the gnoll.
The gnoll is almost dead.
The gnoll misses you. The gnoll closely misses you.
Unknown command.
You closely miss the gnoll.
The gnoll is almost dead.
The gnoll barely misses you. The gnoll hits you but does no damage.
The gnoll closely misses you. The gnoll hits you with a +0 flail.
* * * LOW HITPOINT WARNING * * *
You hit the gnoll.
You kill the gnoll!
The gnoll closely misses you.
You closely miss the gnoll. The gnoll closely misses you.
You barely miss the gnoll. You punch the gnoll, but do no damage.
The gnoll hits you with a +0 flail.
* * * LOW HITPOINT WARNING * * *
You barely miss the gnoll. The gnoll hits you with a +0 flail!
You die...

#.....# * ... #....# #.....#,
...##....#
#.....#....#.........#
#.$...#...(#.........#
##########.....#....#.........#
#..............#...# +####....#
#..............#...##...##....#
#............))#...............
#.............@g...............
#..............................
######.............#######....#
#.#.#.#.#.#...##...##....#
#..............#..........
#.#.......#....#...##+####
#..............+...#......
##.#...>...#....#...+......
#####...............#...#......


You could see a gnoll.

Vanquished Creatures
  A hound (D:4)
  Jessica (D:2)
  An orc wizard (D:4)
  4 gnolls
  6 adders
  2 worms
  2 dart slugs (D:1)
  6 orcs
  9 endoplasms
  3 giant cockroaches
  7 goblins
  7 hobgoblins
  2 jackals (D:1)
  5 kobolds
  6 quokkas
  6 ball pythons
  5 bats
  6 frilled lizards
  3 rats
82 creatures vanquished.

Vanquished Creatures (collateral kills)
  A quokka (D:1)
1 creature vanquished.

Grand Total: 83 creatures vanquished

Notes
Turn   | Place    | Note
-------+----------+-------------------------------------------
     0 | D:1      | Xavori the Djinni Chaos Knight began the quest for the Orb.
     0 | D:1      | Reached XP level 1. HP: 20/20 MP: 0/0
    26 | D:1      | XOM: silly message
    76 | D:1      | Reached XP level 2. HP: 25/25 MP: 0/0
    78 | D:1      | XOM: silly message
    87 | D:1      | Reached XP level 3. HP: 27/30 MP: 0/0
    87 | D:1      | Learned a level 1 spell: Apportation
   217 | D:1      | Found Pewkefoh's Magic Scroll Shop.
   236 | D:1      | Reached skill level 1 in Spellcasting
   236 | D:1      | Reached skill level 1 in Conjurations
   236 | D:1      | Reached skill level 1 in Hexes
   236 | D:1      | Reached skill level 1 in Summonings
   236 | D:1      | Reached skill level 1 in Necromancy
   236 | D:1      | Reached skill level 1 in Translocations
   236 | D:1      | Reached skill level 1 in Transmutations
   236 | D:1      | Reached skill level 1 in Fire Magic
   236 | D:1      | Reached skill level 1 in Ice Magic
   236 | D:1      | Reached skill level 1 in Air Magic
   236 | D:1      | Reached skill level 1 in Earth Magic
   236 | D:1      | Reached skill level 1 in Poison Magic
   273 | D:1      | Bought a scroll of teleportation for 36 gold pieces
   517 | D:1      | Reached XP level 4. HP: 30/35 MP: 0/0
   545 | D:1      | Found Rent's Assorted Antiques.
   567 | D:1      | XOM: silly message
   623 | D:1      | XOM: scenery: 1 doors open
   738 | D:2      | Identified the "Qocaifa"
  1800 | D:1      | XOM: give mutations
  1800 | D:1      | Gained mutation: You passively dampen the noise of your
                  | surroundings. [Xom's grace]
  1800 | D:1      | Gained mutation: You passively map a small area around you.
                  | [Xom's grace]
  1800 | D:1      | Gained mutation: You are strong-willed. (Will+) [Xom's
                  | grace]
  2378 | D:1      | XOM: noise
  3024 | D:1      | XOM: god gift: 47 gold pieces
  3123 | D:1      | XOM: give mutations
  3123 | D:1      | Gained mutation: You are somewhat resistant to further
                  | mutation. [Xom's grace]
  3123 | D:1      | Gained mutation: Your mind is acute. (Int +4, Str/Dex -1)
                  | [Xom's grace]
  3786 | D:1      | XOM: cloud trail
  3843 | D:1      | XOM: god gift: 52 gold pieces
  3939 | D:1      | XOM: give mutations
  3939 | D:1      | Gained mutation: You are resistant to electric shocks.
                  | (rElec) [Xom's grace]
  3939 | D:1      | Gained mutation: You have a pair of small antennae on your
                  | head. [Xom's grace]
  4175 | D:1      | Bought a scroll of identify for 24 gold pieces
  4175 | D:1      | Bought a scroll of fear for 48 gold pieces
  4175 | D:1      | Bought a scroll of identify for 24 gold pieces
  4386 | D:2      | XOM: give mutations
  4386 | D:2      | Gained mutation: You are partially covered in iridescent
                  | scales. (AC +2) [Xom's mischief]
  4386 | D:2      | Gained mutation: Your spells are a little easier to cast,
                  | but a little less powerful. [Xom's mischief]
  4495 | D:2      | Found a faded altar of an unknown god.
  4557 | D:2      | XOM: god gift: 37 gold pieces
  4638 | D:1      | Bought a scroll labelled ZUWAWIQIVI for 30 gold pieces
  4639 | D:1      | Bought a brown potion for 27 gold pieces
  4701 | D:2      | XOM: 5-stop teleportation journey
  4955 | D:2      | Noticed Jessica
  4969 | D:2      | Killed Jessica
  4970 | D:2      | Reached XP level 5. HP: 32/40 MP: 0/0
  4970 | D:2      | Learned a level 2 spell: Wereblood
  5017 | D:2      | XOM: summons 3 hostile demons
  5018 | D:2      | Noticed an orange demon
  5397 | D:3      | Found a snail-covered altar of Cheibriados.
  5453 | D:3      | Found a blossoming altar of Fedhas.
  5555 | D:3      | XOM: give mutations
  5555 | D:3      | Lost mutation: Your mind is acute. (Int +4, Str/Dex -1)
                  | [Xom's mischief]
  5555 | D:3      | Gained mutation: You are frail. (-10% HP) [Xom's mischief]
  5693 | D:3      | XOM: 1-stop teleportation journey
  5829 | D:3      | XOM: summons 4 hostile shadow creatures
  5846 | D:3      | XOM: 3-stop teleportation journey
  6368 | D:3      | XOM: summons 2 hostile demons
  6537 | D:3      | XOM: give mutations
  6537 | D:3      | Gained mutation: Your movements are slightly less
                  | encumbered by armour. (ER -2) [Xom's mischief]
  6537 | D:3      | Gained mutation: You are very frail. (-20% HP) [Xom's
                  | mischief]
  6537 | D:3      | Lost mutation: You passively dampen the noise of your
                  | surroundings. [Xom's mischief]
  6568 | D:4      | XOM: destruction
  6653 | D:4      | Reached XP level 6. HP: 33/37 MP: 0/0
  6871 | D:4      | Found a staircase to the Ecumenical Temple.
  6951 | D:4      | Slain by a gnoll

Illustrated notes

Levels and vault maps discovered:
D:1:      minmay_arrival_semitransparent, layout_basic, serial_shops,
          nicolae_shop_dealshenge, shop
D:2:      layout_loops_corners, dreamdust_ecumenical_altar_angels_and_demons,
          kennysheep_jessica_study
D:3:      minmay_general_purpose_star, layout_loops_ring,
          mainiacjoe_overflow_catch_the_wave, serial_forest,
          infiniplex_forest_lined_corner, infiniplex_forest_end_2,
          infiniplex_forest_clump_medium, infiniplex_forest_lined_corner,
          infiniplex_forest_lined_3, infiniplex_forest_straight_3
D:4:      layout_gridville, bloody_trog, minmay_temple_entry_glass,
          roderic_serpentine_path, mrwooster_statue_mirror

Skill      XL: |  1  2  3  4  5  6 |
---------------+-------------------+-----
Long Blades    | 3 |  3.5
Spellcasting   | 1 2 |  2.0
Conjurations   | 1 2 |  2.0
Hexes          | 1 2 |  2.0
Summonings     | 1 2 |  2.0
Necromancy     | 1 2 |  2.0
Translocations | 1 2 |  2.0
Transmutations | 1 2 |  2.0
Fire Magic     | 1 2 |  2.0
Ice Magic      | 1 2 |  2.0
Air Magic      | 1 2 |  2.0
Earth Magic    | 1 2 |  2.0
Poison Magic   | 1 2 |  2.0
Armour         | 2 |  2.5
Dodging        | 3 |  3.4
Fighting       | |  3.8

Action                     |  1- 3 |  4- 6 || total
---------------------------+-------+-------++-------
  Melee: Falchion          |    83 |   118 ||   201
         Punch             |     1 |     3 ||     4
         Long sword        |       |   118 ||   118
   Cast: Wereblood         |       |     2 ||     2
    Use: Scroll            |       |     6 ||     6
   Stab: Sleeping          |       |     1 ||     1
 Armour: Leather armour    |    52 |   184 ||   236
  Dodge: Dodged            |    47 |   236 ||   283

Table legend: (Time is in decaauts)
 A = Elapsed time spent in this place.
 B = Non-inter-level travel time spent in this place.
 C = Inter-level travel time spent in this place.
 D = Time resting spent in this place.
 E = Time spent auto-exploring this place.
 F = Levels seen in this place.
 G = Mean time per level.
                   A        B        C        D        E       F      G
               +--------+--------+--------+--------+--------+-----+--------+
         Total |   7006 |   6796 |    210 |   3429 |   2614 |   4 | 1751.5 |
       Dungeon |   7006 |   6796 |    210 |   3429 |   2614 |   4 | 1751.5 |
               +--------+--------+--------+--------+--------+-----+--------+

Top non-repeatable levels by time:
     D:1: 4263 daAuts
     D:3: 1209 daAuts
     D:2: 1134 daAuts
     D:4: 399 daAuts
